Map: Dusk Towers

Players

Mello

  • Race: Protoss Protoss
  • League: Master

Miszu - Winner!

  • Race: Protoss Protoss
  • League: Master

VOD

Have the link to the VOD?

Description

Time

  • Played on: April 3, 2016, 6:32 p.m.
  • Length: 5:08
Show
View Real Time Build Order
Export as new Build Order

Mello Protoss 

Build Orders:  

Get SALT Encoding   

  12  0:01  Probe (Chrono Boost)  
  13  0:12  Probe (Chrono Boost)  
  14  0:20  Pylon  
  14  0:23  Probe (Chrono Boost)  
  15  0:38  Probe (Chrono Boost)  
  15  0:39  Pylon  
  16  0:49  Probe (Chrono Boost)  
  17  0:58  Gateway  
  17  1:00  Gateway  
  17  1:10  Gateway  
  17  1:13  Probe (Chrono Boost)  
  18  1:22  Assimilator  
  18  1:24  Probe (Chrono Boost)  
  19  1:35  Probe (Chrono Boost)  
  20  1:45  Zealot (Chrono Boost)  
  22  1:48  Cybernetics Core  
  22  1:53  Zealot (Chrono Boost)  
  26  2:01  Zealot (Chrono Boost)  
  26  2:09  Zealot (Chrono Boost)  
  26  2:10  Pylon  
  28  2:21  Assimilator  
  28  2:29  Stalker (Chrono Boost)  
  30  2:35  Stalker (Chrono Boost)  
  28  2:45  Stalker (Chrono Boost)  
  30  3:00  Stalker (Chrono Boost)  
  28  3:12  Stalker (Chrono Boost)  
  30  3:16  Stalker (Chrono Boost)  
  34  3:30  Stalker (Chrono Boost)  
  34  3:34  Pylon  
  36  3:42  Stalker (Chrono Boost)  
  36  3:47  Stalker (Chrono Boost)  
  36  3:57  Pylon  
  36  4:00  Stalker (Chrono Boost)  
  38  4:20  Stalker (Chrono Boost)  
  40  4:24  Stalker (Chrono Boost)  
Show
View Real Time Build Order
Export as new Build Order

Miszu Protoss - Winner!

Build Orders:  

Get SALT Encoding   

  12  0:01  Probe (Chrono Boost)  
  13  0:11  Probe (Chrono Boost)  
  14  0:17  Pylon  
  14  0:22  Probe (Chrono Boost)  
  15  0:36  Probe (Chrono Boost)  
  15  0:37  Gateway  
  16  0:43  Assimilator  
  16  0:46  Probe (Chrono Boost)  
  18  0:57  Probe (Chrono Boost)  
  18  1:05  Assimilator  
  18  1:12  Gateway  
  18  1:14  Probe (Chrono Boost)  
  19  1:23  Cybernetics Core  
  19  1:25  Probe (Chrono Boost)  
  20  1:34  Pylon  
  20  1:36  Probe (Chrono Boost)  
  22  1:47  Probe (Chrono Boost)  
  22  2:00  Adept x2, Warp Gate (Chrono Boost)  
  26  2:06  Mothership Core (Chrono Boost)  
  28  2:12  Pylon  
  28  2:26  Probe (Chrono Boost)  
  28  2:30  Adept  
  28  2:34  Adept  
  32  2:37  Probe (Chrono Boost)  
  33  2:53  Gateway  
  33  3:03  Adept x2  
  33  3:16  Mothership Core (Chrono Boost)  
  33  3:19  Pylon  
  31  4:01  Stalker x2  
  31  4:02  Stalker  
  37  4:08  Pylon  
  34  4:19  Probe  
  34  4:23  Stalker  
  34  4:25  Stalker  
  34  4:31  Stalker  
Tags
 
Matchup
PvP
Player
Miszu
Add a new tag
Caveats
  • Supply blocks, unpowered buildings, or Contaminate may cause inaccurate times.
  • Supply counts are checked every 10 seconds.